 Dungeon Crawl Stone Soup version 0.23-a0-537-g04293e54a7 (webtiles) character file.

782 D1HalberdGnoll the Slasher (level 7, -7/61 HPs)
             Began as a Ghoul Warper on Dec 7, 2018.
             Mangled by Pikel
             ... wielding a +1 whip of electrocution
              (15 damage)
             ... on level 5 of the Dungeon.
             The game lasted 00:08:21 (5178 turns).

D1HalberdGnoll the Slasher (Ghoul Warper)           Turns: 5178, Time: 00:08:22

Health: -7/61      AC: 12    Str: 17    XL:     7   Next: 86%
Magic:  8/8        EV: 12    Int:  8    God:
Gold:   318        SH:  0    Dex: 13    Spells: 9/9 levels left

rFire    . . .     SeeInvis +   j - +1 great sword
rCold    + . .     Gourm    .   (shield currently unavailable)
rNeg     + + +     Faith    .   r - +1 chain mail
rPois    ∞         Spirit   .   d - +0 helmet
rElec    .         Reflect  .   o - scarf {cloud immunity}
rCorr    .         Harm     .   q - +0 pair of gloves
MR       .....                  (no boots)
Stlth    ..........             (no amulet)
HPRegen  0.00/turn              m - ring of see invisible
MPRegen  0.11/turn              (no ring)

@: agile, rotting
A: rotting body, claws 1, carnivore, cold resistance 1, negative energy
resistance 3, inhibited regeneration, torment resistance, unbreathing
a: no special abilities


You were on level 5 of the Dungeon.
You were not hungry.

You visited 1 branch of the dungeon, and saw 5 of its levels.

You collected 318 gold pieces.

Inventory:

Hand Weapons
 a - a +0 falchion
 j - a +1 great sword (weapon)
Missiles
 e - 5 tomahawks of dispersal
 n - 4 tomahawks (quivered)
Armour
 d - a +0 helmet (worn)
 o - a scarf of cloud immunity (worn)
 q - a +0 pair of gloves (worn)
 r - a +1 chain mail (worn)
Jewellery
 m - a ring of see invisible (left hand)
 p - an uncursed amulet of regeneration {unknown}
Wands
 k - a wand of flame (17)
Scrolls
 h - a scroll of amnesia
 i - 4 scrolls of teleportation
 l - 4 scrolls of identify
 v - a scroll of blinking
Potions
 b - a potion of curing
 c - 2 potions of might {unknown}
 g - a potion of degeneration {unknown}
 s - a potion of agility
 t - a potion of magic
Comestibles
 f - 8 rations


   Skills:
 + Level 5.0 Fighting
 * Level 5.7 Long Blades
 - Level 0.8 Throwing
 + Level 3.8 Armour
 - Level 1.7 Dodging
 - Level 1.7 Spellcasting
   Level 2.6 Translocations


You had 9 spell levels left.
You didn't know any spells.
Your spell library contained the following spells:

 Spells                   Type           Power        Failure   Level  Hunger
 Blink                    Tloc           N/A          95%         2    ###....
 Shroud of Golubria       Chrm/Tloc      #.........   99%         2    ###....
 Gell's Gravitas          Tloc           #.........   99%         3    ####...
 Lesser Beckoning         Tloc           #.........   99%         3    ####...
 Teleport Other           Tloc           #.......     99%         3    ####...
 Passage of Golubria      Tloc           N/A          100%        4    #####..


Dungeon Overview and Level Annotations

Branches:
Dungeon (5/15)
 Temple: D:4-7

Altars:
Ashenzari
Dithmenos
Elyvilon
Gozag
Nemelex Xobeh
Okawaru
Trog
Xom
Zin

Annotations:
D:4 3 runed doors, temitten's ghost, novice FoMo
D:5 Pikel


Innate Abilities, Weirdness & Mutations

Your body is rotting away.
You thrive on raw meat.
You are immune to poison.
You have sharp fingernails.
You are carnivorous and can eat meat at any time.
Your flesh is cold resistant. (rC+)
You are immune to negative energy. (rN+++)
You do not regenerate when monsters are visible.
You are immune to unholy pain and torment.
You can survive without breathing.


Message History

Pikel hits you but does no damage.
You are electrocuted!
* * * LOW HITPOINT WARNING * * *
Pikel hits you but does no damage.
You slash Pikel!
Pikel is heavily wounded.
Pikel hits you with a +1 whip of electrocution.
* * * LOW HITPOINT WARNING * * *
Okay, then.
You feel agile all of a sudden.
Pikel hits you with a +1 whip of electrocution!
* * * LOW HITPOINT WARNING * * *
You feel better. Pikel closely misses you.
You closely miss Pikel.
Pikel is heavily wounded.
Pikel hits you with a +1 whip of electrocution.
* * * LOW HITPOINT WARNING * * *
You are electrocuted!
* * * LOW HITPOINT WARNING * * *
Pikel hits you but does no damage.
You are electrocuted!
You die...

......#....#
...........#
#......
......####.##
...<...
......#
#..#####
.......
#####..
##.....#
K...... #..
###...#
.......
#####.. #...#
.......
.......
#...##po.....
#####..
#...@Kpp.....
#...##p......
#...# .......
#...# .......
#...# #.....%
##### #.....
#####


You could see Pikel, 4 slaves and an orc.

Vanquished Creatures
  An ogre (D:4)
  Blork the orc (D:4)
  A crimson imp (D:5)
  A hound (D:5)
  An orc priest (D:3)
  4 orc wizards
  Jessica (D:3)
  Natasha (thrice) (D:4)
  An iguana (D:4)
  3 worker ants
  A hound skeleton (D:4)
  Robin (D:2)
  4 gnolls
  4 adders
  2 oozes
  An adder skeleton (D:4)
  3 worms (D:4)
  A dart slug (D:4)
  2 leopard geckos
  18 orcs
  8 bats
  5 giant cockroaches
  16 goblins
  7 hobgoblins
  2 jackals (D:2)
  8 kobolds
  A quokka (D:3)
  2 ball pythons
  6 frilled lizards
  A giant cockroach zombie (D:5)
  A quokka skeleton (D:5)
  8 rats
119 creatures vanquished.

Notes
Turn   | Place    | Note
-------+----------+-------------------------------------------
     0 | D:1      | D1HalberdGnoll the Ghoul Warper began the quest for the
                  | Orb.
     0 | D:1      | Reached XP level 1. HP: 17/17 MP: 2/2
   172 | D:1      | Reached skill level 1 in Armour
   176 | D:1      | Reached XP level 2. HP: 13/25 MP: 3/3
   674 | D:1      | Reached XP level 3. HP: 27/30 MP: 4/4
   675 | D:1      | Found a shimmering altar of Xom.
   677 | D:1      | Found a shattered altar of Ashenzari.
   677 | D:1      | Found a radiant altar of Vehumet.
   679 | D:1      | Found an iron altar of Okawaru.
   679 | D:1      | Found a sparkling altar of Nemelex Xobeh.
   679 | D:1      | Found a sparkling altar of Nemelex Xobeh.
  1546 | D:2      | Found a faded altar of an unknown god.
  1909 | D:2      | Noticed Robin
  1944 | D:2      | Reached XP level 4. HP: 17/37 MP: 5/5
  1960 | D:2      | Killed Robin
  3072 | D:3      | Reached XP level 5. HP: 14/45 MP: 6/6
  3117 | D:3      | Found a white marble altar of Elyvilon.
  3118 | D:3      | Found a shadowy altar of Dithmenos.
  3296 | D:3      | Noticed Jessica
  3308 | D:3      | Killed Jessica
  3369 | D:3      | Reached XP level 6. HP: 32/52 MP: 7/7
  3752 | D:4      | Noticed Natasha
  3763 | D:4      | Killed Natasha
  3849 | D:4      | Noticed Natasha
  3858 | D:4      | Killed Natasha
  3968 | D:4      | Noticed Natasha
  4072 | D:4      | Killed Natasha
  4072 | D:4      | Reached XP level 7. HP: 48/60 MP: 8/8
  4184 | D:4      | Noticed a moth of wrath
  4184 | D:4      | Noticed Blork the orc
  4202 | D:4      | Killed Blork the orc
  4202 | D:4      | Reached skill level 5 in Long Blades
  4359 | D:4      | Found a runed gate.
  4362 | D:4      | Noticed temitten's ghost (novice FoMo)
  4363 | D:4      | Found a runed gate.
  4364 | D:4      | Found a runed gate.
  4427 | D:4      | Found a bloodstained altar of Trog.
  4780 | D:5      | Entered Level 5 of the Dungeon
  4780 | D:5      | Found a shattered altar of Ashenzari.
  5085 | D:5      | Found an opulent altar of Gozag.
  5086 | D:5      | Found a glowing silver altar of Zin.
  5098 | D:5      | Reached skill level 5 in Fighting
  5162 | D:5      | Noticed Pikel
  5178 | D:5      | Mangled by Pikel

Vault maps used:
D:1:      dpeg_arrival_round_c, doesnt_xom_only_xom
D:2:      chequers_ecumenical_altar_simple, uniq_robin
D:3:      gammafunk_temple_overflow_pools, uniq_jessica
D:4:      kennysheep_six_static_rooms, first_ration,
          gammafunk_ghost_nasty_kobolds, chequers_serial_rivers_micro_c,
          tgw_trog, uniq_blork_the_orc, uniq_natasha
D:5:      grunt_temple_overflow_gold_and_silver, ashenzari_altar_1, uniq_pikel,
          uniq_eustachio

Skill      XL: |  1  2  3  4  5  6  7 |
---------------+----------------------+-----
Armour         | 1 2 3 |  3.8
Long Blades    | 2 3 4 5 |  5.7
Fighting       | 3 4 5 |  5.0
Throwing       | |  0.8
Dodging        | |  1.7
Spellcasting   | |  1.7
Translocations | |  2.6

Action                   |  1- 3 |  4- 6 |  7- 9 || total
-------------------------+-------+-------+-------++-------
Melee: Falchion          |   132 |    22 |       ||   154
       Great sword       |       |   209 |   105 ||   314
Throw: Tomahawk          |       |     1 |     1 ||     2
  Use: Potion            |     5 |       |     2 ||     7
       Scroll            |     1 |    10 |     2 ||    13
  Eat: Chunk             |     7 |    25 |     4 ||    36
Armor: Leather armour    |    30 |     2 |       ||    32
       Chain mail        |       |   215 |    75 ||   290
Dodge: Dodged            |    82 |   127 |    44 ||   253
       Rpst.: Falchion   |    28 |     2 |       ||    30
       Great sword       |       |    41 |    16 ||    57

Table legend:
 A = Non-vault XP
 B = Vault XP
 C = Vault XP percentage of total XP
 D = Non-vault monster count
 E = Vault monster count
 F = Vault count percentage of total count
                 A         B        C        D         E       F
            +---------+---------+-------+---------+---------+-------
      Total |     882 |     236 |  21.1 |     103 |      16 |  13.4
            +---------+---------+-------+---------+---------+-------
        D:1 |      52 |       0 |   0.0 |      19 |       0 |   0.0
        D:2 |      44 |      28 |  38.9 |      21 |       7 |  25.0
        D:3 |     210 |      37 |  15.0 |      33 |       1 |   2.9
        D:4 |     301 |     171 |  36.2 |      14 |       8 |  36.4
        D:5 |     275 |       0 |   0.0 |      16 |       0 |   0.0
            +---------+---------+-------+---------+---------+-------
